 Dungeon Sprint DCSS version 0.29-a0-221-gceb61267dd (webtiles) character file.

Game seed: 8367765738288909413

1421 mhtbhm the Eclecticist (level 8, -10/41 HPs)
             Began as a Deep Elf Fire Elementalist on Feb 26, 2022.
             Was a Priest of Vehumet.
             Mangled by a two-headed ogre
             ... wielding a +0 giant club
              (28 damage)
             ... in the Dungeon (Sprint III: "The Ten Rune Challenge").
             The game lasted 00:04:33 (1100 turns).

mhtbhm the Eclecticist (Deep Elf Fire Elementalist) Turns: 1100, Time: 00:04:33

Health: -10/41     AC:  2    Str:  5    XL:     8   Next: 44%
Magic:  18/29      EV: 14    Int: 23    God:    Vehumet [***...]
Gold:   17         SH:  0    Dex: 15    Spells: 30/37 levels left

rFire   . . .      SeeInvis .   m - +1 long sword (holy)
rCold   . . .      Faith    .   (no shield)
rNeg    . . .      Spirit   .   a - +0 robe
rPois   .          Reflect  .   (no helmet)
rElec   .          Harm     .   (no cloak)
rCorr   .          Rampage  .   (no gloves)
Will    .....      NoTele   +   (no boots)
Stlth   +++.......              (no amulet)
HPRegen 0.13/turn               (no ring)
MPRegen 0.21/turn               (no ring)

@: no status effects
A: no striking features
a: Renounce Religion


You were in the Dungeon.
You worshipped Vehumet.
Vehumet was most pleased with you.
You visited 1 branch You collected 17 gold pieces.

Inventory:

Hand Weapons
 m - a +1 long sword of holy wrath (weapon)
Armour
 a - a +0 robe (worn)
Wands
 d - a wand of digging (6)
Scrolls
 g - a scroll of blinking
 h - 3 scrolls of identify
 j - 2 scrolls of immolation
Potions
 b - 3 potions of curing
 c - 2 potions of heal wounds
 e - 2 potions of magic
 f - 2 potions of berserk rage
 i - 4 potions of mutation
 k - 2 potions of flight
Miscellaneous
 l - a box of beasts (inert)


   Skills:
 + Level 5.2 Dodging
 + Level 6.4 Stealth
 + Level 15.1 Spellcasting
 + Level 7.6 Conjurations
 + Level 13.2 Fire Magic
 + Level 0.1 Evocations


You had 30 spell levels left.
You knew the following spells:

 Your Spells              Type           Power      Damage    Failure   Level
a - Foxfire               Conj/Fire      100%       2x1d9     1%          1
b - Scorch                Fire           100%       2d10      0%          2
c - Flame Wave            Conj/Fire      60%        2d12      1%          4

Your spell library contained the following spells:

 Spells                   Type           Power      Damage    Failure   Level
 Static Discharge         Conj/Air       35%        N/A       1%          2
 Conjure Flame            Conj/Fire      60%        6-21      1%          3
 Inner Flame              Hex/Fire       47%        N/A       1%          3
 Gell's Gravitas          Tloc           17%        N/A       10%         3
 Lesser Beckoning         Tloc           17%        N/A       10%         3
 Teleport Other           Tloc           17%        N/A       10%         3


Dungeon Overview and Level Annotations

Branches:
Dungeon (1/1)

Altars:
Cheibriados
Dithmenos
Elyvilon
Fedhas
Gozag
Hepliaklqana
Kikubaaqudgha
Makhleb
Nemelex Xobeh
Okawaru
Qazlal
Ru
Sif Muna
Trog
Uskayaw
Vehumet
Wu Jian
Xom
Yredelemnul
Zin
The Shining One
Beogh
Jiyva
Lugonu


Message History

The flame wave engulfs the two-headed ogre!!
The two-headed ogre is heavily wounded.
The flame wave engulfs the two-headed ogre.
The two-headed ogre is lightly wounded.
You finish channelling waves of flame.
The two-headed ogre barely misses you. x2
Casting: Flame Wave (dangerous; 1% risk of failure)
Confirm with . or Enter, or press ? or * to list all spells.
Casting: Flame Wave (dangerous; 1% risk of failure)
Press: ? - help, Dir - look around, f - activate A wave of flame ripples out!
The flame wave engulfs the two-headed ogre!
The two-headed ogre is severely wounded.
The flame wave engulfs the two-headed ogre!!
The two-headed ogre is almost dead. (Press . to intensify the flame waves.)
The two-headed ogre misses you.
The two-headed ogre hits you with a +0 giant club!
A wave of flame ripples out!
The flame wave engulfs the two-headed ogre!
You kill the two-headed ogre!
Vehumet accepts your kill.
Vehumet offers you knowledge of Static Discharge.
The flame wave engulfs the two-headed ogre!
You kill the two-headed ogre!
Vehumet accepts your kill.
Vehumet is now aiding your destructive spells.
You feel your power returning.
The flame wave engulfs the two-headed ogre!
The two-headed ogre is heavily wounded.
The two-headed ogre misses you.
The two-headed ogre hits you with a +0 giant club!
Your Spellcasting skill increases to level 15!
Your Fire Magic skill increases to level 13!
A wave of flame ripples out!
The flame wave engulfs the two-headed ogre!!
The two-headed ogre is almost dead.
You finish channelling waves of flame.
The two-headed ogre closely misses you.
The two-headed ogre hits you with a +0 giant club!!
Ouch! That really hurt!
You die...

.♣♣ ♣.#...#__)#._#
≈.♣♣♣♣.###†#'###)##
≈.♣♣...#..........#
≈≈♣♣.♣.'.⌠........#
≈≈≈≈♣♣.#...######'#
≈≈≈....#.⌠.#__#...# #
≈≈.....#...#__#...# #O#
.......#)###__#..O## O.
.......#...#__#.@)'##.#
÷......#___#__'.).#...#
▓▓▓▓▓▓▓▓▓▓▓▓▓▓▓▓▓▓▓▓▓▓▓


You could see a two-headed ogre.

Vanquished Creatures
  A deep elf pyromancer (D)
  A shadow (D)
  A spatial vortex (D)
  A necrophage (D)
  2 two-headed ogres (D)
  A scorpion (D)
  A water elemental (D)
  A jelly (D)
  A wizard (D)
  A necromancer (D)
  A kobold demonologist (D)
  3 humans (D)
  An endoplasm (D)
  3 rats (D)
19 creatures vanquished.

Vanquished Creatures (others)
  58 foxfires (D)
58 creatures vanquished.

Grand Total: 77 creatures vanquished

Notes
Turn   | Place    | Note
-------+----------+-------------------------------------------
     0 | D        | mhtbhm the Deep Elf Fire Elementalist began the quest for
                  | the Orb.
     0 | D        | Reached XP level 1. HP: 10/10 MP: 6/6
   106 | D        | Reached skill level 4 in Spellcasting
   106 | D        | Reached skill level 5 in Fire Magic
   106 | D        | Reached XP level 2. HP: 15/15 MP: 0/9
   185 | D        | Learned a level 2 spell: Scorch
   187 | D        | Noticed a scorpion
   194 | D        | Killed a scorpion
   195 | D        | Reached skill level 6 in Spellcasting
   195 | D        | Reached XP level 3. HP: 19/19 MP: 2/12
   195 | D        | Reached XP level 4. HP: 24/24 MP: 2/14
   289 | D        | Noticed a water elemental
   296 | D        | Learned a level 4 spell: Flame Wave
   314 | D        | Killed a water elemental
   315 | D        | Reached skill level 7 in Spellcasting
   315 | D        | Reached XP level 5. HP: 28/28 MP: 8/16
   388 | D        | Found a radiant altar of Vehumet.
   388 | D        | Found a shimmering blue altar of Sif Muna.
   388 | D        | Found an ancient bone altar of Kikubaaqudgha.
   392 | D        | Reached skill level 8 in Spellcasting
   400 | D        | Became a worshipper of Vehumet
   444 | D        | Found a basalt altar of Yredelemnul.
   444 | D        | Found a shadowy altar of Dithmenos.
   444 | D        | Found a sacrificial altar of Ru.
   444 | D        | Noticed a necrophage
   448 | D        | Killed a necrophage
   449 | D        | Reached skill level 5 in Stealth
   449 | D        | Reached skill level 9 in Spellcasting
   449 | D        | Reached skill level 5 in Conjurations
   449 | D        | Reached XP level 6. HP: 19/32 MP: 10/20
   596 | D        | Reached * piety under Vehumet
   596 | D        | Offered knowledge of Shock by Vehumet.
   597 | D        | Reached skill level 10 in Spellcasting
   604 | D        | Noticed a shadow
   607 | D        | Killed a shadow
   608 | D        | Reached skill level 11 in Spellcasting
   608 | D        | Reached skill level 10 in Fire Magic
   674 | D        | Found a blossoming altar of Fedhas.
   674 | D        | Found a stormy altar of Qazlal.
   674 | D        | Found a snail-covered altar of Cheibriados.
   674 | D        | Found a burning altar of Makhleb.
   674 | D        | Found a shimmering altar of Xom.
   675 | D        | Found a hazy altar of Hepliaklqana.
   675 | D        | Found an opulent altar of Gozag.
   675 | D        | Found a sparkling altar of Nemelex Xobeh.
   675 | D        | Found a corrupted altar of Lugonu.
   675 | D        | Found a viscous altar of Jiyva.
   675 | D        | Noticed a spatial vortex
   695 | D        | Killed a spatial vortex
   696 | D        | Reached skill level 12 in Spellcasting
   696 | D        | Reached XP level 7. HP: 19/36 MP: 2/24
   872 | D        | Found a hide-covered altar of Uskayaw.
   872 | D        | Found an iron altar of Okawaru.
   872 | D        | Found a bloodstained altar of Trog.
   872 | D        | Found an ornate altar of the Wu Jian Council.
   872 | D        | Noticed a human
   873 | D        | Noticed a human
   879 | D        | Killed a human
   879 | D        | Reached ** piety under Vehumet
   880 | D        | Reached skill level 5 in Dodging
   880 | D        | Killed a human
   880 | D        | Offered knowledge of Searing Ray by Vehumet.
   881 | D        | Reached skill level 13 in Spellcasting
   966 | D        | Found a glowing silver altar of Zin.
   966 | D        | Found a glowing golden altar of the Shining One.
   966 | D        | Found a white marble altar of Elyvilon.
   966 | D        | Noticed a deep elf pyromancer
   969 | D        | Noticed a fire elemental
   971 | D        | Killed a deep elf pyromancer
   972 | D        | Reached skill level 14 in Spellcasting
   972 | D        | Reached XP level 8. HP: 27/41 MP: 18/28
  1099 | D        | Offered knowledge of Static Discharge by Vehumet.
  1099 | D        | Reached *** piety under Vehumet
  1100 | D        | Reached skill level 15 in Spellcasting
  1100 | D        | Mangled by a two-headed ogre

Illustrated notes

Levels and vault maps discovered:
D:        dungeon_sprint_mu [sprint_mu_entry_forest, sprint_mu_temple_rooms,
          sprint_mu_d1_spiders, sprint_mu_d2_genie, sprint_mu_d3_branching,
          sprint_mu_orc_legion, sprint_mu_elf_gauntlet, sprint_mu_hive_nellie,
          sprint_mu_lair_fedhas, sprint_mu_vaults_butterflies,
          sprint_mu_slime_circle, sprint_mu_shoals_kraken,
          sprint_mu_snake_twists, sprint_mu_blade_basic,
          sprint_mu_crypt_chambers, sprint_mu_tomb_spiral,
          sprint_mu_vestibule_basic, sprint_mu_gehenna_hellfire,
          sprint_mu_dis_giant, sprint_mu_tartarus_statrot,
          sprint_mu_cocytus_islands, sprint_mu_zot1]

Skill      XL: |  1  2  3  4  5  6  7  8 |
---------------+-------------------------+-----
Fire Magic     | 5 7 8 9 11 12 13 | 13.2
Dodging        | 3 4 5 |  5.2
Stealth        | 3 4 5 6 |  6.4
Spellcasting   | 4 6 7 9 12 14 15 | 15.1
Conjurations   | 3 5 6 7 |  7.6
Evocations     | |  0.1

Action                   |  1- 3 |  4- 6 |  7- 9 || total
-------------------------+-------+-------+-------++-------
 Cast: Foxfire           |    19 |    17 |       ||    36
       Scorch            |       |    13 |     3 ||    16
       Flame Wave        |       |     2 |     5 ||     7
Evoke: Box of beasts     |       |       |     1 ||     1
  Use: Potion            |       |     1 |       ||     1
       Scroll            |       |       |     2 ||     2
Armor: Robe              |       |       |     1 ||     1
Dodge: Dodged            |       |     1 |    12 ||    13

Table legend: (Time is in decaauts)
 A = Elapsed time spent in this place.
 B = Non-inter-level travel time spent in this place.
 C = Inter-level travel time spent in this place.
 D = Time resting spent in this place.
 E = Time spent auto-exploring this place.
 F = Levels seen in this place.
 G = Mean time per level.
                   A        B        C        D        E       F      G
               +--------+--------+--------+--------+--------+-----+--------+
         Total |   1083 |   1083 |      0 |    739 |      1 |   1 | 1083.0 |
       Dungeon |   1083 |   1083 |      0 |    739 |      1 |   1 | 1083.0 |
               +--------+--------+--------+--------+--------+-----+--------+

Top non-repeatable levels by time:
       D: 1083 daAuts
